 Dungeon Crawl Stone Soup version 0.27.0-66-gdc8fb28755 (webtiles) character file.

Game seed: 14057016654137268204

0 Thatpatchoflichen the Sneak (level 1, 0/10 HPs)
             Began as a Kobold Enchanter on Aug 19, 2021.
             Frozen to death by an endoplasm (1 damage)
             ... on level 2 of the Dungeon.
             The game lasted 00:01:41 (186 turns).

Thatpatchoflichen the Sneak (Kobold Enchanter)       Turns: 186, Time: 00:01:42

Health: 0/10       AC:  2    Str:  5    XL:     1   Next: 11%
Magic:  2/3        EV: 15    Int: 16    God:
Gold:   0          SH:  0    Dex: 15    Spells: 3/4 levels left

rFire    . . .     SeeInvis .   a - +1 dagger
rCold    . . .     Faith    .   (shield restricted)
rNeg     . . .     Spirit   .   b - +0 robe
rPois    .         Reflect  .   (no helmet)
rElec    .         Harm     .   (no cloak)
rCorr    .         Rampage  .   (no gloves)
Will     .....                  (no boots)
Stlth    ++++......             (no amulet)
HPRegen  0.03/turn              (no ring)
MPRegen  0.08/turn              (no ring)

@: no status effects
A: small, no large weapons, nightstalker 3
a: no special abilities


You were on level 2 of the Dungeon.
You visited 1 branch of the dungeon, and saw 2 of its levels.

Inventory:

Hand Weapons
 a - a +1 dagger (weapon)
Armour
 b - a +0 robe (worn)
Scrolls
 c - a scroll of identify {unknown}


   Skills:
 - Level 1.3 Short Blades
 - Level 2.4 Dodging
 - Level 4.0 Stealth
 + Level 2.2 Spellcasting
 + Level 3.0 Hexes


You had 3 spell levels left.
You knew the following spells:

 Your Spells              Type           Power      Damage    Failure   Level
a - Corona                Hex            12%        N/A       6%          1

Your spell library contained the following spells:

 Spells                   Type           Power      Damage    Failure   Level
 Ensorcelled Hibernation  Hex/Ice        12%        N/A       17%         2
 Confusing Touch          Hex            11%        N/A       17%         3
 Tukima's Dance           Hex            11%        N/A       17%         3
 Dazzling Flash           Conj/Hex       12%        N/A       32%         3


Dungeon Overview and Level Annotations

Branches:
Dungeon (2/15)

Altars:

Shops:
D:1 (*?


Innate Abilities, Weirdness & Mutations

You are small and have problems with some larger weapons.
You are completely attuned to the shadows.


Message History

Aim: a hobgoblin (chance to affect: 64%)
The hobgoblin barely resists.
The hobgoblin barely misses you.
You don't have enough magic to cast this spell.
Unknown command.
You hit the hobgoblin.
The hobgoblin is lightly wounded.
The hobgoblin misses you.
You hit the hobgoblin but do no damage.
The hobgoblin is lightly wounded.
The hobgoblin closely misses you.
The endoplasm quivers.
You hit the hobgoblin.
The hobgoblin is moderately wounded.
The hobgoblin misses you.
You completely miss the hobgoblin.
The hobgoblin is moderately wounded.
The hobgoblin hits you.
You closely miss the hobgoblin.
The hobgoblin is moderately wounded.
The hobgoblin misses you.
Your magical contamination has completely faded away.
The endoplasm freezes you.
You are frozen.
The hobgoblin misses you. The endoplasm completely misses you.
The endoplasm freezes you.
You are frozen.
Ouch! That really hurt!
* * * LOW HITPOINT WARNING * * *
The hobgoblin misses you.
There is an escape hatch in the floor here.
The hobgoblin hits you.
* * * LOW HITPOINT WARNING * * *
You slide downwards.
The hatch slams shut behind you.
A goblin comes into view. It is wielding a +0 club.
Found 2 gold pieces.
The hobgoblin closely misses you. The endoplasm freezes you.
You are frozen.
You die...

#........
#........
#........
#.g......
#........
#........
#........
#..gJ....
....@...#
...$#.#.#
...# ....
... ##.#
.. .#


You could see an endoplasm and a hobgoblin.

Vanquished Creatures
  A kobold (D:1)
1 creature vanquished.

Notes
Turn   | Place    | Note
-------+----------+-------------------------------------------
     0 | D:1      | Thatpatchoflichen the Kobold Enchanter began the quest for
                  | the Orb.
     0 | D:1      | Reached XP level 1. HP: 10/10 MP: 3/3
    17 | D:1      | Found Faenn's Assorted Antiques.
    65 | D:1      | Found Jamuyss's Antique Weapon Shoppe.
   155 | D:1      | Found Voleelun's Magic Scroll Emporium.
   186 | D:2      | Frozen to death by an endoplasm

Illustrated notes

Levels and vault maps discovered:
D:1:      wander_arrival_fairy_ring, layout_rooms, serial_shops, shop,
          shop_statue, nicolae_shop_trees, shop, nicolae_shop_statue_plus,
          minmay_misc_feat_hallway
D:2:      layout_basic, minmay_bisected, uniq_robin

Action                   || total
-------------------------++-------
Melee: Dagger            ||     8
 Cast: Corona            ||     3
Armor: Robe              ||     1
Dodge: Dodged            ||    11
